 Dungeon Crawl Stone Soup version 0.29-a0-322-g68df515428 (webtiles) character file.

Game seed: 549233971506118167

226 jisko22 the Firebug (level 6, -9/47 (51) HPs)
             Began as a Hill Orc Fire Elementalist on Apr 6, 2022.
             Mangled by a wight
             ... wielding a +1 morningstar
              (12 damage)
             ... on level 3 of the Dungeon.
             The game lasted 00:09:41 (5294 turns).

jisko22 the Firebug (Hill Orc Fire Elementalist)    Turns: 5294, Time: 00:09:42

HP:   -9/47 (51)    AC:  2    Str: 11    XL:     6   Next: 1%
MP:   9/9           EV: 12    Int: 17    God:
Gold: 144           SH:  0    Dex: 11    Spells: 3/9 levels left

rFire   . . .      SeeInvis .   r - +2 flail (protect)
rCold   . . .      Faith    .   (no shield)
rNeg    . . .      Spirit   .   a - +0 robe
rPois   .          Reflect  .   (no helmet)
rElec   .          Harm     .   (no cloak)
rCorr   .          Rampage  .   (no gloves)
Will    .....                   (no boots)
Stlth   ++........              (no amulet)
HPRegen 0.15/turn               (no ring)
MPRegen 0.11/turn               (no ring)

@: hasted, drained, very quick
A: no striking features
a: no special abilities


You were on level 3 of the Dungeon.
You visited 1 branch of the dungeon, and saw 4 of its levels.

You collected 144 gold pieces.

Inventory:

Hand Weapons
 c - a +0 dagger
 k - a +0 trident
 r - a +2 flail of protection (weapon)
Armour
 a - a +0 robe (worn)
 g - a +0 ring mail
Jewellery
 l - a ring of protection from fire
 m - a ring of poison resistance
Scrolls
 h - 3 scrolls of magic mapping {unknown}
 i - 2 scrolls of teleportation {unknown}
 j - 5 scrolls of identify
 n - a scroll of amnesia {unknown}
 o - a scroll of acquirement {unknown}
 q - a scroll of enchant armour {unknown}
Potions
 b - a potion of magic
 d - a potion of haste
 e - 2 potions of flight
 f - 2 potions of heal wounds {unknown}
 p - a potion of curing {unknown}


   Skills:
 * Level 3.2 Fighting
 + Level 2.0 Armour
 - Level 1.5 Dodging
 - Level 1.5 Stealth
 + Level 2.2 Spellcasting
 + Level 2.2 Conjurations
 * Level 4.7 Fire Magic


You had 3 spell levels left.
You knew the following spells:

 Your Spells              Type           Power      Damage    Failure   Level
a - Foxfire               Conj/Fire      52%        2x1d6     4%          1
b - Scorch                Fire           36%        2d6       4%          2
c - Conjure Flame         Conj/Fire      13%        6-21      14%         3

Your spell library contained the following spells:

 Spells                   Type           Power      Damage    Failure   Level
 Inner Flame              Hex/Fire       9%         N/A       22%         3
 Confusing Touch          Hex            1%         N/A       50%         3
 Gell's Gravitas          Tloc           1%         N/A       50%         3
 Lesser Beckoning         Tloc           1%         N/A       50%         3
 Teleport Other           Tloc           1%         N/A       50%         3
 Flame Wave               Conj/Fire      13%        2d6       41%         4
 Yara's Violent Unravell  Hex/Tmut       0%         3d3       99%         5
 Enfeeble                 Hex            0%         N/A       100%        7


Dungeon Overview and Level Annotations

Branches:
Dungeon (4/15)
 Temple: D:4-7

Altars:
Dithmenos
Nemelex Xobeh


Message History

Confirm with . or Enter, or press ? or * to list all spells.
You conjure some foxfire!
The foxfire hits the quokka.
The quokka is heavily wounded.
The foxfire hits the quokka.
The quokka is almost dead.
Casting: Foxfire (safe; 4% risk of failure)
Confirm with . or Enter, or press ? or * to list all spells.
You conjure some foxfire!
The foxfire hits the quokka.
You kill the quokka!
You start resting.
Your foxfire dissipates!
You start resting.
Your foxfire dissipates! x2
You start resting.
Magic restored.
h - 3 scrolls labelled NYSAEW KODOPUCH (gained 1)
You open the door.
A wight and an endoplasm come into view.
The wight attacks as you move away!
The wight hits you with a +1 morningstar!!
You feel drained.
The endoplasm quivers.
The wight attacks as you move away!
The wight hits you with a +1 morningstar!
* * * LOW HITPOINT WARNING * * *
The wight attacks as you move away! The wight barely misses you.
An endoplasm comes into view.
The wight attacks as you move away! The wight misses you.
The wight attacks as you move away!
The wight hits you with a +1 morningstar!
* * * LOW HITPOINT WARNING * * *
You feel drained.
* * * LOW HITPOINT WARNING * * *
There is a stone staircase leading up here.
The wight barely misses you.
You climb upwards.
There is a stone staircase leading down here.
It was a potion of haste.
You feel yourself speed up.
The wight hits you with a +1 morningstar!
You die...

#.## ##...## #.# #.# #.#
##.....## ##.####.##### #.#
#.......# #............ #'##
##.....####..........## ...##
##...## #.....##.##.## ....##
####.## #.###.##.##.## .....##
##.##.# #.# #..#.##.#.
......####...#.#####.###....##...
......'.........@z...............
......####...#.#########...####..
.....## ##.##.# ##..# ##. ....##
#####.#### ##.# ## ...##
#........# #.# # #'## #.###.##.#
#.# #.# #.# #.##.# #.# #.# #.#
#.##.# #.# #.## #.# #.##.# #.#


You could see a wight.

Vanquished Creatures
  A wight (D:4)
  2 jellies (D:4)
  An orc wizard (D:4)
  3 adders
  A dart slug (D:3)
  3 orcs (D:4)
  4 ball pythons
  8 endoplasms
  4 giant cockroaches
  5 goblins
  4 hobgoblins
  3 jackals (D:3)
  2 quokkas
  5 bats
  3 frilled lizards (D:1)
  4 kobolds
  5 rats
58 creatures vanquished.

Vanquished Creatures (others)
  161 foxfires
161 creatures vanquished.

Grand Total: 219 creatures vanquished

Notes
Turn   | Place    | Note
-------+----------+-------------------------------------------
     0 | D:1      | jisko22 the Hill Orc Fire Elementalist began the quest for
                  | the Orb.
     0 | D:1      | Reached XP level 1. HP: 14/14 MP: 3/3
   509 | D:1      | Reached XP level 2. HP: 22/22 MP: 2/4
   683 | D:1      | Reached skill level 1 in Fighting
   698 | D:1      | Found a faded altar of an unknown god.
  1141 | D:1      | Learned a level 2 spell: Scorch
  1767 | D:2      | Reached XP level 3. HP: 28/28 MP: 2/5
  2077 | D:2      | Reached skill level 1 in Armour
  3504 | D:3      | Found a shadowy altar of Dithmenos.
  3508 | D:3      | Reached XP level 4. HP: 36/36 MP: 4/6
  3783 | D:3      | Learned a level 3 spell: Conjure Flame
  3805 | D:3      | Found a sparkling altar of Nemelex Xobeh.
  3821 | D:3      | Reached skill level 4 in Fire Magic
  4395 | D:4      | Noticed an ogre
  4577 | D:4      | Reached XP level 5. HP: 42/42 MP: 1/8
  5137 | D:4      | Reached XP level 6. HP: 51/51 MP: 0/9
  5294 | D:3      | Mangled by a wight

Illustrated notes

Levels and vault maps discovered:
D:1:      lightli_molten_gateway, layout_basic,
          ebering_ecumenical_altar_petrified
D:2:      layout_basic
D:3:      layout_loops_corners, mainiacjoe_overflow_surrounded_room,
          grunt_dithmenos_smoke, moated_statue
D:4:      layout_basic, minmay_quadrilaterals

Skill      XL: |  1  2  3  4  5 |
---------------+----------------+-----
Fighting       | 1 2 3 |  3.2
Armour         | 1 2 |  2.0
Spellcasting   | 2 |  2.2
Fire Magic     | 4 |  4.7
Conjurations   | 2 |  2.2
Dodging        | |  1.5
Stealth        | |  1.5

Action                   |  1- 3 |  4- 6 || total
-------------------------+-------+-------++-------
Melee: Dagger            |     5 |       ||     5
       Trident           |    13 |     7 ||    20
 Cast: Foxfire           |    55 |    48 ||   103
       Scorch            |       |     4 ||     4
  Use: Scroll            |     2 |       ||     2
       Potion            |       |     1 ||     1
Armor: Robe              |     8 |     1 ||     9
Dodge: Dodged            |    36 |     9 ||    45

Table legend: (Time is in decaauts)
 A = Elapsed time spent in this place.
 B = Non-inter-level travel time spent in this place.
 C = Inter-level travel time spent in this place.
 D = Time resting spent in this place.
 E = Time spent auto-exploring this place.
 F = Levels seen in this place.
 G = Mean time per level.
                   A        B        C        D        E       F      G
               +--------+--------+--------+--------+--------+-----+--------+
         Total |   5300 |   5145 |    155 |   2025 |   2543 |   4 | 1325.0 |
       Dungeon |   5300 |   5145 |    155 |   2025 |   2543 |   4 | 1325.0 |
               +--------+--------+--------+--------+--------+-----+--------+

Top non-repeatable levels by time:
     D:3: 1733 daAuts
     D:1: 1587 daAuts
     D:2: 1217 daAuts
     D:4: 761 daAuts
